[Event "Early-Titled-Tuesday-Blitz-March-12-2024"]
[Site "Chess.com"]
[Date "2024.03.12"]
[Round "3"]
[White "KhazhatulyAlikhan"]
[Black "Sattarov_Bobur"]
[Result "0-1"]
[WhiteElo "2445"]
[BlackElo "2806"]
[TimeControl "180+1"]
[EndTime "8:26:33 PDT"]
[Termination "Sattarov_Bobur won on time"]

1. e4 e5 2. Nf3 Nc6 3. Nc3 Nf6 4.
Bb5 Bd6 5. O-O O-O 6. h3 Nd4 7. Bc4 c6 8. d3 h6 9. Be3 Nxf3+ 10.
Qxf3 Bc7 11. Bb3 b5 12. a3 d6 13. Qg3 Kh7 14. Qh4 Ng8 15. Qxd8 Bxd8 16. f4 Bf6 17. f5 Bg5 18. Bxg5 hxg5 19. Kf2 Bb7 20. g4 Nf6 21. Kg3 a6 22. Rh1 g6 23. h4 gxh4+ 24. Rxh4+ Kg7 25. Rah1 g5 26. Rh6 d5 27. exd5 cxd5 28. Bxd5 Bxd5 29. Nxd5 Nxd5 30. Rh7+ Kf6 31. R1h6+ Ke7 32. Rc6 Rfc8 0-1

[Event "Early-Titled-Tuesday-Blitz-March-12-2024"]
[Site "Chess.com"]
[Date "2024.03.12"]
[Round "3"]
[White "guillembaches"]
[Black "platy3"]
[Result "0-1"]
[WhiteElo "2550"]
[BlackElo "2943"]
[TimeControl "180+1"]
[EndTime "8:26:39 PDT"]
[Termination "platy3 won on time"]

1. d4 Nf6 2. Nf3 d5 3. Bg5 c5 4. e3 Nc6 5. Nbd2 Qb6 6. dxc5 Qxb2 7. Rb1 Qc3 8. Bb5 Qxc5 9. c4 e6 10. O-O Be7 11. cxd5 Qxd5 12. e4 Qd8 13. e5 Nd7 14. Bxe7 Qxe7 15. Ne4 O-O 16. Bxc6 bxc6 17. Qa4 a5 18.
Qxc6 Ba6 19. Rfd1 Rfd8 20. Rd6 Be2 21. Rb7 Bxf3 22. Rbxd7 Bxe4 23. Qxe4 Rac8 24. Rxd8+ Rxd8 25. Rxd8+ Qxd8 26. g3 h6 27. h4 g6 28. Qc6 Kg7 29. Qb5 Qd2 30. Kg2 Qxa2 31. Qb8 Qd5+ 32. Kh2 a4 0-1

[Event "Early-Titled-Tuesday-Blitz-March-12-2024"]
[Site "Chess.com"]
[Date "2024.03.12"]
[Round "3"]
[White "FischerKasparow"]
[Black "FlemingA"]
[Result "0-1"]
[WhiteElo "2083"]
[BlackElo "2424"]
[TimeControl "180+1"]
[EndTime "8:26:46 PDT"]
[Termination "FlemingA won by resignation"]

1. Nf3 g6 2. d4 Bg7 3. c4 c5 4. d5 b5 5. Nbd2 b4 6. e4 d6 7.
Rb1 Nf6 8. b3 O-O 9. Bb2 e6 10.
dxe6 Bxe6 11. Be2 Re8 12. O-O Nc6 13. Qc2 Bg4 14. Rfe1 Bxf3 15. Bxf3 Qc7 16. g3 a5 17.
a4 bxa3 18. Bxa3 Nd4 19. Qd1 Nd7 20. Bg2 Ne5 21. Nf1 Rab8 22. f4 Nec6 23. Bb2 Rxb3 24. Ne3 Qb7 25. Bxd4 Rxb1 26. Qxb1 Qxb1 27. Rxb1 Bxd4 28.
Kf2 f5 29. Ke2 Nb4 30. Rb3 a4 31. Ra3 Ra8 32. Nd5 Nxd5 33. cxd5 Bb2 34. Ra2 a3 35. e5 Kf7 36. g4 Re8 37. e6+ Kf6 38. g5+ Kg7 39. Kd3 h6 40. h4 hxg5 41. hxg5 Rh8 42. Bf1 Rh1 43. Be2 Rh3+ 44. Kc4 Re3 45. Bd1 Re4+ 46. Kb5 Kf8 47. Kc6 Ke7 48. Bc2 Rxf4 49. Kc7 Rg4 50. Bd3 Rxg5 51. Kc6 Rg3 52. Kb5 Rxd3 53.
Kc4 Rd4+ 54. Kb3 Rxd5 55. Kc2 Kxe6 56. Kb1 Ke5 57. Kc2 f4 58. Kb3 f3 59. Rxb2 axb2 60. Kxb2 f2 0-1

[Event "Early-Titled-Tuesday-Blitz-March-12-2024"]
[Site "Chess.com"]
[Date "2024.03.12"]
[Round "3"]
[White "Yan_Dyomin2010"]
[Black "FrankieJay"]
[Result "1-0"]
[WhiteElo "2723"]
[BlackElo "2490"]
[TimeControl "180+1"]
[EndTime "8:26:47 PDT"]
[Termination "Yan_Dyomin2010 won by resignation"]

1. e4 c5 2. Nf3 Nc6 3. c3 Nf6 4. e5 Nd5 5. Bc4 Nb6 6. Bb3 c4 7. Bc2 d5 8. exd6 Qxd6 9. O-O Bg4 10. h3 Bh5 11. Re1 Qf6 12. Be4 O-O-O 13. b3 Bg6 14. Qe2 Bxe4 15. Qxe4 e6 16. bxc4 Qg6 17. Ba3 Qxe4 18. Rxe4 f6 19. Bxf8 Rhxf8 20. c5 Nd7 21. d4 e5 22. Na3 exd4 23. cxd4 Rfe8 24. Rxe8 Rxe8 25. Kf1 Re4 26. Nc4 Kc7 27. Nd6 Rf4 28. Rd1 g5 29. d5 Nb4 30. Nb5+ Kd8 31. a3 Na6 32. c6 Ndc5 33. c7+ Kd7 34. d6 Rc4 35.
Nxa7 Ne6 1-0

[Event "Early-Titled-Tuesday-Blitz-March-12-2024"]
[Site "Chess.com"]
[Date "2024.03.12"]
[Round "3"]
[White "Gabcur"]
[Black "RobertoJBM"]
[Result "0-1"]
[WhiteElo "2354"]
[BlackElo "2832"]
[TimeControl "180+1"]
[EndTime "8:26:48 PDT"]
[Termination "RobertoJBM won by resignation"]

1. e4 c6 2. d4 d5 3. exd5 cxd5 4. c4 Nf6 5. Nc3 e6 6. cxd5 Nxd5 7. Nf3 Be7 8. Bd3 Nc6 9. O-O O-O 10. Re1 Nf6 11.
a3 b6 12. Bc2 Ba6 13. Bg5 Rc8 14. Qd2 Nd5 15. Ne4 Bxg5 16. Nexg5 h6 17. Ne4 Nf6 18.
Ng3 Qd6 19. Rad1 Rfd8 20. Bb1 Na5 21. Ne5 Nc4 22. Qe2 Nxe5 23. dxe5 Qxd1 24. Qxd1 Rxd1 25. Rxd1 Ng4 26. f4 Ne3 27. Re1 Nd5 28. Rf1 Bxf1 0-1

[Event "Early-Titled-Tuesday-Blitz-March-12-2024"]
[Site "Chess.com"]
[Date "2024.03.12"]
[Round "3"]
[White "Iskusnyh"]
[Black "Zheenbekov86"]
[Result "1-0"]
[WhiteElo "2678"]
[BlackElo "2437"]
[TimeControl "180+1"]
[EndTime "8:26:50 PDT"]
[Termination "Iskusnyh won on time"]

1. d4 Nf6 2. c4 g6 3. g3 Bg7 4. Bg2 O-O 5. Nc3 d6 6. Nf3 Nbd7 7. O-O e5 8. e4 exd4 9. Nxd4 Re8 10. h3 Nc5 11. Re1 a5 12. Ndb5 Bd7 13. Bf4 Bxb5 14. cxb5 Nfd7 15. Qc2 Ne5 16. Rad1 a4 17.
Kh2 h5 18. Be3 Ned7 19. f4 Bxc3 20. bxc3 Qe7 21. Bd4 Ra5 22. c4 b6 23. Ba1 f6 24.
e5 fxe5 25. Qxg6+ Kh8 26. Qxh5+ 1-0

[Event "Early-Titled-Tuesday-Blitz-March-12-2024"]
[Site "Chess.com"]
[Date "2024.03.12"]
[Round "3"]
[White "Actuary44"]
[Black "Akhayan"]
[Result "1-0"]
[WhiteElo "2530"]
[BlackElo "2314"]
[TimeControl "180+1"]
[EndTime "8:26:51 PDT"]
[Termination "Actuary44 won by resignation"]

1. e4 c5 2. d4 cxd4 3. c3 d3 4.
Bxd3 d6 5. f4 Nf6 6. Nf3 e6 7. O-O Be7 8. Kh1 O-O 9. Qe1 Nc6 10.
Be3 d5 11. e5 Ne4 12. Nbd2 f5 13. exf6 Nxf6 14. Rd1 Kh8 15. Bb1 Bd7 16. Qg3 Qe8 17. Ne5 Nxe5 18. fxe5 Ng8 19. Qh3 h6 20. Qg4 Bb5 21.
Rxf8 Bxf8 22. Nf3 Be2 23. Re1 Bxf3 24. Qxf3 Rc8 25. Bxa7 Ne7 26. Rf1 Kg8 27. h4 Nc6 28. Bd4 Nxd4 29. cxd4 Qe7 30. g3 1-0

[Event "Early-Titled-Tuesday-Blitz-March-12-2024"]
[Site "Chess.com"]
[Date "2024.03.12"]
[Round "3"]
[White "kidagent"]
[Black "Smoking_Crow"]
[Result "1-0"]
[WhiteElo "2319"]
[BlackElo "2566"]
[TimeControl "180+1"]
[EndTime "8:26:53 PDT"]
[Termination "kidagent won by resignation"]

1. e4 c5 2. Nf3 d6 3. d4 cxd4 4. Nxd4 Nf6 5. Nc3 a6 6. Bg5 e6 7.
f4 b5 8. Qf3 Bb7 9. Bd3 Be7 10.
O-O-O Nbd7 11. Rhe1 O-O 12. Qh3 h6 13. e5 dxe5 14. fxe5 hxg5 15. exf6 Nxf6 16. Nxe6 fxe6 17. Qxe6+ Rf7 18. Bg6 Qf8 19. h4 Bb4 20. hxg5 Bxc3 21. bxc3 Nd5 22. Rxd5 Bxd5 23. Qxd5 Ra7 24. Rf1 b4 25.
Rxf7 Rxf7 26. Qxf7+ Qxf7 27. Bxf7+ Kxf7 28. cxb4 Ke6 29. c4 Ke5 30. b5 a5 1-0

[Event "Early-Titled-Tuesday-Blitz-March-12-2024"]
[Site "Chess.com"]
[Date "2024.03.12"]
[Round "3"]
[White "toninhojit"]
[Black "MatthewG-p4p"]
[Result "0-1"]
[WhiteElo "2535"]
[BlackElo "2870"]
[TimeControl "180+1"]
[EndTime "8:26:55 PDT"]
[Termination "MatthewG-p4p won by resignation"]

1. d4 Nf6 2. c4 c5 3. d5 e6 4. Nc3 exd5 5. cxd5 d6 6. Nf3 g6 7. Bf4 Bg7 8. h3 O-O 9. e3 Na6 10. Be2 Nc7 11. O-O Re8 12. Re1 a6 13.
a4 b6 14. Bf1 Ne4 15. Nxe4 Rxe4 16. Qc2 Rb4 17. Rab1 Nxd5 18. Bh2 Nf6 19. Red1 Bf5 20.
Bd3 Bxd3 21. Rxd3 d5 22. Rbd1 Qd7 23. b3 Re8 24. Be5 Qf5 25. Bc3 Rbe4 26. Bxf6 Qxf6 27. Rxd5 R4e6 28. Qc4 Qc3 29. Qxc3 Bxc3 30. Rd6 b5 31. Kf1 c4 32. Rxe6 Rxe6 33. axb5 cxb3 34. Rb1 b2 35. Nd4 Rb6 36. bxa6 Rxa6 37. Ke2 Ra1 0-1

[Event "Early-Titled-Tuesday-Blitz-March-12-2024"]
[Site "Chess.com"]
[Date "2024.03.12"]
[Round "3"]
[White "Maluco_do_Natal_00"]
[Black "suspiciumchess"]
[Result "0-1"]
[WhiteElo "1979"]
[BlackElo "2414"]
[TimeControl "180+1"]
[EndTime "8:26:56 PDT"]
[Termination "suspiciumchess won by resignation"]

1. e4 g6 2. d4 d6 3. Nf3 Bg7 4. h3 Nf6 5. Bd3 c6 6. c4 O-O 7.
Nc3 Qc7 8. Be3 e5 9. O-O a5 10. Re1 Nbd7 11. Qd2 exd4 12. Bxd4 Re8 13. Rad1 Ne5 14.
Nxe5 dxe5 15. Be3 Be6 16. c5 Rad8 17. Qe2 Nh5 18. Qf3 Nf4 19. Bf1 h5 20. Kh2 h4 21. a3 Bb3 22. Rxd8 Rxd8 23. Qg4 Qe7 24. Rc1 Ne6 25. Qf3 Nxc5 26. Bxc5 Qxc5 27. Nb5 Qxc1 28. Qxb3 cxb5 29. Bxb5 Qf4+ 30. g3 hxg3+ 31. Kg2 Qxf2+ 0-1

[Event "Early-Titled-Tuesday-Blitz-March-12-2024"]
[Site "Chess.com"]
[Date "2024.03.12"]
[Round "3"]
[White "ActorXu"]
[Black "Superfelix"]
[Result "1-0"]
[WhiteElo "2870"]
[BlackElo "2609"]
[TimeControl "180+1"]
[EndTime "8:26:57 PDT"]
[Termination "ActorXu won by resignation"]

1. e4 c6 2. d4 g6 3. f4 d5 4. e5 h5 5. Nf3 Nh6 6. Bd3 Bf5 7. Be3 Bxd3 8. Qxd3 e6 9. Nbd2 Qb6 10.
b3 Nf5 11. Bf2 c5 12. c4 Nc6 13. cxd5 exd5 14. dxc5 Bxc5 15. O-O Nb4 16. Qe2 Bxf2+ 17.
Rxf2 O-O 18. a3 Nc2 19. Rc1 Nxa3 20. h3 h4 21. Kh2 Rac8 22. Rd1 Nc2 23. Nf1 d4 24.
Rd3 Nce3 25. g4 hxg3+ 26. Nxg3 Rc2 27. Qe1 Nxg3 28. Rxc2 Ngf1+ 29. Kg1 Nxc2 30. Qh4 Kg7 31. f5 Rh8 32. Qg4 Qd8 33. Nxd4 Nfe3 34. Ne6+ fxe6 35.
Qxg6+ 1-0

[Event "Early-Titled-Tuesday-Blitz-March-12-2024"]
[Site "Chess.com"]
[Date "2024.03.12"]
[Round "3"]
[White "manitodeplomo"]
[Black "venturov"]
[Result "1-0"]
[WhiteElo "2715"]
[BlackElo "2483"]
[TimeControl "180+1"]
[EndTime "8:26:58 PDT"]
[Termination "manitodeplomo won by resignation"]

1. d4 Nf6 2. c4 d6 3. Nf3 g6 4. Nc3 Nbd7 5. e4 e5 6. Be2 Bg7 7. O-O O-O 8. Be3 Re8 9. d5 Nh5 10. g3 Bf8 11. Nd2 Ng7 12. b4 Be7 13. c5 f5 14. Nc4 Nf6 15. f3 fxe4 16. fxe4 Bh3 17. Rf2 b6 18. a4 Qc8 19. Rc1 Ng4 20. Bxg4 Bxg4 21. Qd3 Qd8 22. a5 bxc5 23. bxc5 Bg5 24. cxd6 cxd6 25. Nb5 Be7 26. Nxa7 Rf8 27. Nc6 Qd7 28.
Nb6 Qe8 29. Nxa8 Rxf2 30. Nc7 Rg2+ 31. Kxg2 Bh3+ 32. Kxh3 Qd7+ 33. Kg2 Qxc7 34. Nxe7+ Qxe7 35. a6 1-0

[Event "Early-Titled-Tuesday-Blitz-March-12-2024"]
[Site "Chess.com"]
[Date "2024.03.12"]
[Round "3"]
[White "ajedrezsinlimites"]
[Black "IMRosen"]
[Result "1-0"]
[WhiteElo "2520"]
[BlackElo "2710"]
[TimeControl "180+1"]
[EndTime "8:27:02 PDT"]
[Termination "ajedrezsinlimites won on time"]

1. e4 c5 2. Nf3 e6 3. d4 cxd4 4. Nxd4 Nc6 5. Nc3 Qc7 6. g3 a6 7. Bg2 Nf6 8. O-O Nxd4 9. Qxd4 Bc5 10. Bf4 d6 11. Qd2 h6 12. Na4 e5 13. Nxc5 Qxc5 14.
Be3 Qc6 15. f4 O-O 16. fxe5 dxe5 17. h3 Nxe4 18. Qb4 f5 19. g4 a5 20. Qb6 Qxb6 21. Bxb6 Ra6 22. Bc7 Rc6 23. Bxa5 Rxc2 24. Rac1 Rxc1 25.
Rxc1 Bd7 26. gxf5 Bc6 27. Rxc6 bxc6 28. Bxe4 Rb8 29. Bc3 Ra8 30. Bxc6 Rxa2 31. Bd5+ 1-0

[Event "Early-Titled-Tuesday-Blitz-March-12-2024"]
[Site "Chess.com"]
[Date "2024.03.12"]
[Round "3"]
[White "BestStelker"]
[Black "sorch29"]
[Result "1-0"]
[WhiteElo "2714"]
[BlackElo "2483"]
[TimeControl "180+1"]
[EndTime "8:27:05 PDT"]
[Termination "BestStelker won on time"]

1. Nf3 Nf6 2. c4 g6 3. Nc3 Bg7 4. e4 d6 5. d4 O-O 6. Be2 e5 7. O-O Bg4 8. d5 a5 9. Ne1 Bxe2 10. Qxe2 Na6 11. Nd3 b6 12. b3 Nc5 13. Nxc5 bxc5 14. Bd2 Nd7 15. a4 f5 16. f3 Nf6 17. Nb5 Nh5 18.
g3 Qd7 19. Qg2 Nf6 20. h3 h5 21. Rae1 c6 22. dxc6 Qxc6 23. Qe2 Qd7 24. Kg2 Rfd8 25. Qd3 Ne8 26. Rd1 Nc7 27. Bg5 Nxb5 28. cxb5 Rdc8 29. Qxd6 Qxd6 30. Rxd6 c4 31. b6 Rab8 32. bxc4 Rxc4 33.
Rd8+ Kh7 34. Rxb8 1-0

[Event "Early-Titled-Tuesday-Blitz-March-12-2024"]
[Site "Chess.com"]
[Date "2024.03.12"]
[Round "3"]
[White "bobo_panda"]
[Black "Roman_Ovetchkin"]
[Result "0-1"]
[WhiteElo "2293"]
[BlackElo "2597"]
[TimeControl "180+1"]
[EndTime "8:27:06 PDT"]
[Termination "Roman_Ovetchkin won by checkmate"]

1. e4 c6 2. d4 d5 3. e5 Bf5 4. h4 Qb6 5. Nc3 h5 6. Bd3 Bxd3 7. Qxd3 e6 8. Bg5 Qa6 9. Qg3 c5 10. Nge2 Nc6 11. dxc5 Bxc5 12. Be3 Bf8 13. Nd4 Nxd4 14. Bxd4 Ne7 15. Qe3 Nf5 16. Qd2 Qc4 17. Ne2 g6 18. c3 Bh6 19. Qd1 O-O 20. Qb3 Qc7 21. O-O Nxh4 22.
f4 Nf5 23. Rad1 Rfc8 24. Rd3 Bf8 25. Rfd1 b5 26. a3 a5 27. Rf3 b4 28. cxb4 axb4 29.
a4 Qc2 30. Qd3 Qxd3 31. Rfxd3 Rxa4 32. Bf2 Ra2 33. Rb3 Rc2 34. Nd4 Rxf2 35. Kxf2 Bc5 36. Kf1 Nxd4 37. Rh3 Rxb2 38. g4 hxg4 39. Rh4 Nf3 40.
Rxg4 Rf2# 0-1

[Event "Early-Titled-Tuesday-Blitz-March-12-2024"]
[Site "Chess.com"]
[Date "2024.03.12"]
[Round "3"]
[White "PabloZarnicki"]
[Black "Seochesspie"]
[Result "0-1"]
[WhiteElo "2587"]
[BlackElo "2868"]
[TimeControl "180+1"]
[EndTime "8:27:08 PDT"]
[Termination "Seochesspie won on time"]

1. e4 c5 2. Nf3 Nc6 3. Bb5 e6 4.
O-O Nge7 5. Re1 Nd4 6. Nxd4 cxd4 7. c3 a6 8. Bf1 Nc6 9. d3 Bc5 10. Nd2 O-O 11. Nb3 Ba7 12. cxd4 Nxd4 13. Be3 Nxb3 14. Qxb3 Bxe3 15. Rxe3 b5 16. a4 Rb8 17. axb5 Rxb5 18.
Qc3 Qb6 19. Rg3 f6 20. Ra2 Rb3 21. Qc1 Bb7 22. Ra3 Rxb2 23. Qf4 e5 24. Qe3 Qxe3 25. Rxe3 Rc8 26. d4 Rc1 27. Reb3 Rxb3 28. Rxb3 Bxe4 29. dxe5 fxe5 30. f3 Bc6 31. Kf2 a5 32. Rb8+ Kf7 33. Bd3 h6 0-1

[Event "Early-Titled-Tuesday-Blitz-March-12-2024"]
[Site "Chess.com"]
[Date "2024.03.12"]
[Round "3"]
[White "Anton_Demchenko"]
[Black "emeli_chess"]
[Result "1-0"]
[WhiteElo "3001"]
[BlackElo "2398"]
[TimeControl "180+1"]
[EndTime "8:27:16 PDT"]
[Termination "Anton_Demchenko won on time"]

1. e4 e5 2. Nf3 Nc6 3. Bc4 Nf6 4.
d3 Be7 5. Nc3 d6 6. a4 a5 7. h3 O-O 8. Bg5 Be6 9. Bxf6 Bxf6 10.
Bxe6 fxe6 11. Ne2 Ne7 12. c3 c6 13. O-O Ng6 14. Qb3 Qd7 15. g3 Rae8 16. Nh2 Bd8 17. Kg2 Kh8 18. Rad1 d5 19. Ng1 Rf7 20. Rd2 Ref8 21. Re2 b5 22. axb5 cxb5 23. Ngf3 Bb6 24.
h4 h6 25. h5 Nf4+ 26. gxf4 Rxf4 27. Nxe5 Qe8 28. Ng6+ Kh7 29. exd5 R8f5 30. Nxf4 Rxf4 31. d4 Qxh5 32. Qc2+ Kh8 33. Re5 Qh4 34. Qg6 Bc7 35. Qg3 1-0

[Event "Early-Titled-Tuesday-Blitz-March-12-2024"]
[Site "Chess.com"]
[Date "2024.03.12"]
[Round "3"]
[White "DIMONBANAN"]
[Black "kpio91"]
[Result "0-1"]
[WhiteElo "2533"]
[BlackElo "2869"]
[TimeControl "180+1"]
[EndTime "8:27:25 PDT"]
[Termination "kpio91 won by resignation"]

1. e4 c5 2. Nf3 d6 3. d4 cxd4 4. Nxd4 Nf6 5. Nc3 a6 6. f3 g6 7.
Be3 Bg7 8. Qd2 h5 9. Be2 Nbd7 10. a4 b6 11. O-O Bb7 12. b4 Qc7 13. Rac1 O-O 14. Bd3 Rac8 15. Nce2 d5 16. exd5 Nxd5 17. Bf2 Ne5 18. Be4 Nc4 19. Qe1 Rfd8 20. b5 a5 21. Nc6 Bxc6 22. bxc6 Qxc6 23. Nd4 Qxa4 24. Nb3 Bc3 25. Ra1 Qxa1 26. Nxa1 Bxe1 27. Rxe1 e6 28. Nb3 a4 29. Nd4 a3 30. Nb5 a2 31. Bd4 Nd2 32. Bd3 Nb4 33. Bxb6 Nxd3 34. cxd3 Nb1 35. Bxd8 0-1

[Event "Early-Titled-Tuesday-Blitz-March-12-2024"]
[Site "Chess.com"]
[Date "2024.03.12"]
[Round "3"]
[White "Jimonios"]
[Black "Practical-Play"]
[Result "1-0"]
[WhiteElo "2680"]
[BlackElo "2440"]
[TimeControl "180+1"]
[EndTime "8:27:27 PDT"]
[Termination "Jimonios won by resignation"]

1. e4 c5 2. Nf3 a6 3. a4 d6 4. Bc4 Nf6 5. Nc3 Nc6 6. O-O Bg4 7. h3 Bh5 8. g4 Bg6 9. d3 e6 10. Re1 Be7 11. Bf4 Nd7 12. Bg3 Nde5 13. Nxe5 Nxe5 14. Bb3 h5 15. f4 hxg4 16. fxe5 gxh3 17.
Qg4 dxe5 18. Bxe5 Bf6 19. Bxf6 Qxf6 20. Rf1 Qd4+ 21. Kh2 Qe5+ 22. Qg3 Qxg3+ 23. Kxg3 O-O-O 24. Rh1 Rh5 25. Rxh3 Rdh8 26. Rah1 Rxh3+ 27. Rxh3 Rxh3+ 28. Kxh3 Kc7 29. Kg3 Kd6 30. Kf4 Kc6 31. Bc4 b5 32.
axb5+ 1-0

[Event "Early-Titled-Tuesday-Blitz-March-12-2024"]
[Site "Chess.com"]
[Date "2024.03.12"]
[Round "3"]
[White "kassablanca"]
[Black "Langusto"]
[Result "1-0"]
[WhiteElo "2775"]
[BlackElo "2512"]
[TimeControl "180+1"]
[EndTime "8:27:28 PDT"]
[Termination "kassablanca won on time"]

1. d4 d5 2. c4 dxc4 3. Nf3 e5 4.
Nxe5 b5 5. e3 Bb4+ 6. Nc3 Bb7 7.
a4 a6 8. Bd2 Nf6 9. axb5 Bxc3 10.
Bxc3 axb5 11. Rxa8 Bxa8 12. Qa1 Nbd7 13. Nxd7 Nxd7 14.
Qa3 c5 15. dxc5 O-O 16. Bd4 Qb8 17. f3 Ne5 18. Kf2 b4 19. Qa1 c3 20. bxc3 b3 21. Qb2 Re8 22. Be2 f6 23. Rb1 Bd5 24. c4 Nxc4 25.
Qxb3 1-0

[Event "Early-Titled-Tuesday-Blitz-March-12-2024"]
[Site "Chess.com"]
[Date "2024.03.12"]
[Round "3"]
[White "laziestwin"]
[Black "JosephRyan"]
[Result "1-0"]
[WhiteElo "2575"]
[BlackElo "2197"]
[TimeControl "180+1"]
[EndTime "8:27:28 PDT"]
[Termination "laziestwin won by checkmate"]

1. d4 Nf6 2. c4 e6 3. a3 d5 4. cxd5 exd5 5. Nc3 c6 6. Bf4 Bf5 7. e3 Be7 8. Bd3 Bxd3 9. Qxd3 O-O 10. Nf3 Nbd7 11.
O-O Re8 12. Rfe1 Nf8 13. b4 Ng6 14. Bg3 a6 15. Rab1 Bd6 16. Na4 Bxg3 17. hxg3 Ne4 18. Nc5 Qe7 19. Nd2 Nxd2 20. Qxd2 h5 21. a4 h4 22.
gxh4 Nxh4 23. Qe2 Qg5 24. f4 Qe7 25. Qg4 g6 26. Nd7 f5 27. Qg3 Qxd7 28. Qxh4 Kg7 29.
Kf2 Rh8 30. Qg3 Qe7 31. Rh1 Rxh1 32. Rxh1 Qxb4 33. Qh4 Qd2+ 34. Kf3 Rg8 35. Qe7# 1-0

[Event "Early-Titled-Tuesday-Blitz-March-12-2024"]
[Site "Chess.com"]
[Date "2024.03.12"]
[Round "3"]
[White "koncheto"]
[Black "Tash_Boy"]
[Result "0-1"]
[WhiteElo "2471"]
[BlackElo "2696"]
[TimeControl "180+1"]
[EndTime "8:27:29 PDT"]
[Termination "Tash_Boy won by resignation"]

1. e4 c5 2. Nf3 d6 3. d4 cxd4 4. Nxd4 Nf6 5. f3 e5 6. Nb3 Be6 7. c4 a5 8. Nc3 a4 9. Nd2 Qa5 10. Bd3 Nc6 11. Nf1 Be7 12. Ne3 a3 13. O-O axb2 14.
Bxb2 Bd8 15. Kh1 Bb6 16. Ned5 Bxd5 17. cxd5 Nd4 18. Ne2 O-O 19. Nxd4 Bxd4 20. Bxd4 exd4 21. Qb3 Rfc8 22. Rac1 g5 23. Rxc8+ Rxc8 24. Qxb7 Rc3 25. Qe7 Kg7 26. e5 dxe5 27. Qxe5 Qxd5 28. Qe2 Qe6 29. Qd2 Qe3 30. Qxe3 dxe3 31. Rd1 Nd5 32. Bf1 Nf4 33. g3 e2 34. Bxe2 Nxe2 35. Kg2 Rc2 36. Rd4 Nxd4+ 0-1

[Event "Early-Titled-Tuesday-Blitz-March-12-2024"]
[Site "Chess.com"]
[Date "2024.03.12"]
[Round "3"]
[White "Rosh1610"]
[Black "IwkooO"]
[Result "0-1"]
[WhiteElo "2469"]
[BlackElo "2688"]
[TimeControl "180+1"]
[EndTime "8:27:29 PDT"]
[Termination "IwkooO won by resignation"]

1. e4 c5 2. Nf3 Nf6 3. Nc3 d5 4.
e5 Ne4 5. d4 Nxc3 6. bxc3 Nc6 7. Bg5 Bg4 8. Rb1 Qc7 9. Bb5 e6 10. h3 Bf5 11. Bd3 Bxd3 12. cxd3 h6 13. Bd2 Be7 14. O-O O-O 15. Qc2 Rfc8 16. dxc5 Bxc5 17. d4 Bb6 18. Qd3 Na5 19. Rfc1 Qc4 20. Qc2 Rc7 21.
Rb4 Qc6 22. Nh2 Rac8 23. Ng4 h5 24. Ne3 Qe8 25. Qd1 Nc6 26. Rbb1 f6 27. exf6 gxf6 28. Qf3 Qg6 29. g4 hxg4 30. Qxg4 Rg7 31. Qxg6 Rxg6+ 32. Kh1 Kf7 33. Rg1 Rxg1+ 34. Rxg1 Ne7 35. Rg4 Ba5 36. h4 Bxc3 37. Bxc3 Rxc3 38. h5 Rc8 39. h6 Rh8 40. Rh4 Kg6 41. Ng2 Nf5 42. Nf4+ Kf7 43. Rh5 Rxh6 44. Rxh6 Nxh6 45. Kg2 Nf5 46. Ne2 b5 47. Kf3 a5 48. Kf4 b4 49. Kf3 a4 50. Kg4 b3 51. axb3 axb3 52. Kf4 Nxd4 53. Nxd4 b2 54. Ne2 b1=Q 55. Ng3 e5+ 0-1

[Event "Early-Titled-Tuesday-Blitz-March-12-2024"]
[Site "Chess.com"]
[Date "2024.03.12"]
[Round "3"]
[White "shimastream"]
[Black "QuintilianoR"]
[Result "1-0"]
[WhiteElo "2959"]
[BlackElo "2733"]
[TimeControl "180+1"]
[EndTime "8:27:33 PDT"]
[Termination "shimastream won by resignation"]

1. Nf3 Nf6 2. c4 c5 3. Nc3 Nc6 4. g3 g6 5. Bg2 Bg7 6. d4 cxd4 7. Nxd4 O-O 8. O-O Qa5 9. e3 d6 10. Bd2 Bd7 11. Rc1 Qd8 12. Qe2 a6 13. h3 Rc8 14.
b3 Qb6 15. Nf3 e6 16. e4 Rfd8 17. Rfd1 Be8 18. Na4 Qc7 19. Be3 Nd7 20. h4 Rb8 21.
h5 b5 22. cxb5 axb5 23. Nc3 Qa5 24. Nxb5 Rxb5 25. Rxc6 Ne5 26. Rcxd6 Nxf3+ 27. Bxf3 Rc8 28. h6 Be5 29. R6d2 Rbb8 30. Bd4 Bb5 31. Qe3 Qc7 32. Qg5 Bxd4 33. Rxd4 1-0

[Event "Early-Titled-Tuesday-Blitz-March-12-2024"]
[Site "Chess.com"]
[Date "2024.03.12"]
[Round "3"]
[White "NikitaShnadrygin"]
[Black "Vasily85"]
[Result "1-0"]
[WhiteElo "2685"]
[BlackElo "2469"]
[TimeControl "180+1"]
[EndTime "8:27:34 PDT"]
[Termination "NikitaShnadrygin won on time"]

1. e4 c6 2. d4 d5 3. f3 dxe4 4. fxe4 e5 5. Nf3 exd4 6. Bc4 Be6 7. Bxe6 fxe6 8. O-O Bc5 9. Ng5 Nf6 10. e5 O-O 11. Qd3 Qd7 12. exf6 gxf6 13. Ne4 Be7 14. Bh6 Rf7 15. Ng5 fxg5 16. Rxf7 Kxf7 17. Qxh7+ Kf6 18.
Bg7+ Kf7 19. Bh6+ Kf6 20. Nd2 1-0

[Event "Early-Titled-Tuesday-Blitz-March-12-2024"]
[Site "Chess.com"]
[Date "2024.03.12"]
[Round "3"]
[White "FormerProdigy"]
[Black "Witik"]
[Result "1-0"]
[WhiteElo "2981"]
[BlackElo "2756"]
[TimeControl "180+1"]
[EndTime "8:27:35 PDT"]
[Termination "FormerProdigy won on time"]

1. e4 c6 2. d4 d5 3. e5 Bf5 4. Nf3 e6 5. Be2 Nd7 6. Nbd2 Ne7 7. Nh4 c5 8. c3 cxd4 9. cxd4 Bg6 10. O-O Nf5 11. Nxg6 hxg6 12. Nf3 a6 13. g3 Nb8 14.
Bd2 Nc6 15. Bc3 Bb4 16. h4 Bxc3 17. bxc3 Rc8 18. Kg2 Na5 19. Qd3 Qc7 20. Rac1 Nc4 21. Rh1 b5 22. g4 Ne7 23. Ng5 Nc6 24. Qf3 Qe7 25. Bd3 Rf8 26. Qf4 Kd7 27. h5 f6 28. Nh7 fxe5 29. Nxf8+ Rxf8 30. Qg3 exd4 31. hxg6 e5 32. Rh5 Kc8 33. cxd4 Kb7 34. Bxc4 bxc4 35.
dxe5 Qc5 36. Rf5 Re8 37. Rf7+ Ka8 38. Rxg7 d4 39. Qf3 d3 40. Rc7 1-0

[Event "Early-Titled-Tuesday-Blitz-March-12-2024"]
[Site "Chess.com"]
[Date "2024.03.12"]
[Round "3"]
[White "Sam_ChessMood"]
[Black "DamianoLew95"]
[Result "1-0"]
[WhiteElo "2962"]
[BlackElo "2755"]
[TimeControl "180+1"]
[EndTime "8:27:36 PDT"]
[Termination "Sam_ChessMood won by checkmate"]

1. e4 c5 2. Nf3 d6 3. d4 cxd4 4. Nxd4 Nf6 5. Nc3 Nc6 6. Bg5 e6 7. Qd2 a6 8. O-O-O Bd7 9. Kb1 Rc8 10. Nxc6 Bxc6 11. f3 Be7 12. h4 h6 13. Be3 h5 14.
Bg5 Qa5 15. Bd3 b5 16. Qe1 b4 17. Ne2 e5 18. Ng3 g6 19. Nf1 d5 20. Ne3 d4 21.
Nc4 Qc7 22. Bxf6 Bxf6 23. Qxb4 Be7 24. Qa5 f6 25. Qxc7 Rxc7 26. Rc1 Kf7 27. c3 Rd8 28. cxd4 Rxd4 29. Be2 Bb5 30. b3 Kg7 31. a4 Bxc4 32. Bxc4 a5 33. Bd5 Rd7 34. g4 Rd3 35. gxh5 gxh5 36. Rhg1+ Kh6 37. Rg8 Rxf3 38. Rcg1 Bc5 39. R8g6+ Kh7 40. Bg8+ Kh8 41. Rh6+ Rh7 42. Rxh7# 1-0

[Event "Early-Titled-Tuesday-Blitz-March-12-2024"]
[Site "Chess.com"]
[Date "2024.03.12"]
[Round "3"]
[White "ValentunHulka"]
[Black "Eloist"]
[Result "1-0"]
[WhiteElo "2726"]
[BlackElo "2443"]
[TimeControl "180+1"]
[EndTime "8:27:37 PDT"]
[Termination "ValentunHulka won by resignation"]

1. Nc3 d5 2. e4 e6 3. d4 Nf6 4.
e5 Nfd7 5. f4 c5 6. Nf3 Nc6 7.
Be3 a6 8. Qd2 b5 9. Be2 Qb6 10.
O-O cxd4 11. Nxd4 Bc5 12. Rfd1 O-O 13. Bf3 Nxd4 14. Bxd4 Bxd4+ 15. Qxd4 Bb7 16. Rd2 Qxd4+ 17. Rxd4 g5 18. g3 gxf4 19. gxf4 Rac8 20. Be2 f6 21. exf6 Rxf6 22. Bd3 e5 23. fxe5 Nxe5 24. Kg2 b4 25.
Rxb4 Nxd3 26. cxd3 Rc7 27. Rg4+ Rg7 28. Rxg7+ Kxg7 29. d4 Bc8 30. Re1 Kf7 31. Re5 Rg6+ 32. Kf2 Rh6 33.
Kg1 Rg6+ 34. Kf1 Rf6+ 35. Ke1 Rh6 36. Re2 Bg4 37. Rf2+ Ke6 38. Na4 a5 39. Kd2 Bf5 40.
Nc5+ Kf6 41. Nd7+ Ke6 42. Ne5 Rh4 43. Nf3 Rh3 44. Ng5+ 1-0